 Dungeon Crawl Stone Soup version 0.28-a0-101-g18048e5a82 (webtiles) character file.

Game seed: 13431469143807105078

8545 Loskel the Grappler (level 11, -9/101 HPs)
             Began as a Minotaur Monk on Aug 10, 2021.
             Was a High Priest of Yredelemnul.
             Shot with an arrow by a centaur warrior (18 damage)
             ... on level 11 of the Dungeon.
             The game lasted 00:45:09 (10852 turns).

Loskel the Grappler (Minotaur Monk)                Turns: 10852, Time: 00:45:09

Health: -9/101     AC: 12    Str: 23    XL:     11   Next: 11%
Magic:  4/11       EV: 12    Int: 10    God:    Yredelemnul [*****.]
Gold:   393        SH:  0    Dex: 12    Spells: 10/10 levels left

rFire   . . .      SeeInvis .     - Unarmed
rCold   . . .      Faith    .   (no shield)
rNeg    . . .      Spirit   .   G - +1 acid dragon scales
rPois   .          Reflect  .   A - +0 hat "Usoafu" {Str+6 Dex-2 Slay+5}
rElec   .          Harm     .   s - +1 cloak {rCorr}
rCorr   +          Rampage  .   (no gloves)
Will    .....      Clarity  +   (no boots)
Stlth   +.........              (no amulet)
HPRegen 0.26/turn               h - ring of flight
MPRegen 0.12/turn               C - +4 ring of slaying

@: flying, hasted, very quick
A: horns 2, retaliatory headbutt, clarity, strong 1
a: Renounce Religion, Recall Undead Slaves, Injury Mirror, Animate Dead, Drain
Life, Enslave Soul


You were on level 11 of the Dungeon.
You worshipped Yredelemnul.
Yredelemnul was extremely pleased with you.
You visited 2 branches of the dungeon, and saw 12 of its levels.
You also visited: Sewer and Ossuary.

You collected 393 gold pieces.

Inventory:

Hand Weapons
 q - a +0 shortbow of flaming
 r - a +3 quarterstaff of chaos
 u - a +1 shortbow of freezing
Missiles
 b - 3 curare-tipped darts
 f - 25 poisoned darts (quivered)
 l - 4 atropa-tipped darts
 y - a throwing net
 z - 108 arrows
Armour
 s - a +1 cloak of preservation (worn)
 A - the +0 hat "Usoafu" (worn) {Str+6 Dex-2 Slay+5}
   (You found it on level 9 of the Dungeon)

   Str:       It affects your strength (+6).
   Dex:       It affects your dexterity (-2).
   Slay:      It affects your accuracy & damage with ranged weapons and melee
   (+5).
 G - +1 acid dragon scales (worn)
Jewellery
 h - a ring of flight (left hand)
 k - a +6 ring of dexterity
 m - a ring of resist corrosion
 C - a +4 ring of slaying (right hand)
Wands
 a - a wand of mindburst (10)
Scrolls
 c - 11 scrolls of identify
 j - 2 scrolls of enchant armour
 p - 3 scrolls of teleportation
 t - a scroll of fog
 D - a scroll of enchant weapon
 F - a scroll of fear
Potions
 d - a potion of magic
 g - 2 potions of attraction
 n - a potion of ambrosia
 o - a potion of degeneration
 v - a potion of berserk rage
 w - 3 potions of brilliance
 x - a potion of might
Miscellaneous
 E - a tin of tremorstones (2/2)


   Skills:
 + Level 10.4 Fighting
 - Level 10.0 Armour
 - Level 4.0 Dodging
 - Level 1.5 Stealth
 * Level 13.3 Unarmed Combat
 + Level 2.3 Invocations


You had 10 spell levels left.
You didn't know any spells.
Your spell library contained the following spells:

 Spells                   Type           Power      Damage    Failure   Level
 Beastly Appendage        Tmut           0%         N/A       41%         1
 Foxfire                  Conj/Fire      0%         2x1d4     41%         1
 Magic Dart               Conj           0%         1d3       41%         1
 Pain                     Necr           0%         1d4       41%         1
 Shock                    Conj/Air       0%         1d3       41%         1
 Call Imp                 Summ           0%         N/A       56%         2
 Ensorcelled Hibernation  Hex/Ice        0%         N/A       56%         2
 Wereblood                Tmut           0%         N/A       56%         2
 Call Canine Familiar     Summ           0%         N/A       80%         3
 Conjure Flame            Conj/Fire      0%         6-21      80%         3
 Dazzling Flash           Conj/Hex       0%         N/A       80%         3
 Inner Flame              Hex/Fire       0%         N/A       80%         3
 Mephitic Cloud           Conj/Pois/Air  0%         N/A       80%         3
 Portal Projectile        Hex/Tloc       0%         N/A       80%         3
 Spider Form              Tmut/Pois      0%         N/A       80%         3
 Swiftness                Air            0%         N/A       80%         3
 Airstrike                Air            0%         N/A       99%         4
 Iskenderun's Mystic Bla  Conj/Tloc      0%         2d3       99%         4
 Leda's Liquefaction      Hex/Erth       0%         N/A       99%         4
 Summon Lightning Spire   Summ/Air       0%         N/A       99%         4
 Agony                    Necr           0%         N/A       100%        5
 Bolt of Magma            Conj/Fire/Erth 0%         4d4       100%        5
 Excruciating Wounds      Necr           0%         N/A       100%        5
 Fireball                 Conj/Fire      0%         3d3       100%        5
 Shadow Creatures         Summ           N/A        N/A       100%        6
 Starburst                Conj/Fire      0%         8x6d3     100%        6
 Statue Form              Tmut/Erth      0%         N/A       100%        6
 Storm Form               Tmut/Air       0%         N/A       100%        7
 Ignition                 Fire           0%         3d3       100%        8
 Maxwell's Capacitive Co  Air            0%         ∞         100%        8


Dungeon Overview and Level Annotations

Branches:
Dungeon (11/15)            Temple (1/1) D:6            Lair (0/6) D:11
  Sewer (visited)         Ossuary (visited)
    Orc: D:9-12

Altars:
Ashenzari
Cheibriados
Dithmenos
Elyvilon
Fedhas
Gozag
Hepliaklqana
Kikubaaqudgha
Nemelex Xobeh
Okawaru
Qazlal
Ru
Sif Muna
Trog
Uskayaw
Vehumet
Wu Jian
Xom
Yredelemnul
Zin
The Shining One

Annotations:
D:8 2 transporters, pokeman's ghost, novice DEWz


Innate Abilities, Weirdness & Mutations

You have a pair of horns on your head.
You reflexively headbutt those who attack you in melee.
You possess an exceptional clarity of mind.
Your muscles are strong. (Str +2)


Message History

The centaur warrior kicks you.
Okay, then.
Unknown command.
You closely miss the phantasmal warrior.
You headbutt the phantasmal warrior, but do no damage.
The phantasmal warrior is lightly damaged.
Your vampire hits the phantasmal warrior but does no damage.
Your vampire misses the phantasmal warrior.
The centaur warrior hits you.
The centaur warrior kicks you but does no damage.
Your wolf spider zombie barely misses the phantasmal warrior. x2
The phantasmal warrior hits you!!
* * * LOW HITPOINT WARNING * * *
You swap places.
The centaur warrior wields a +0 shortbow.
The centaur warrior shoots an arrow.
The arrow closely misses your vampire. The arrow hits you!
* * * LOW HITPOINT WARNING * * *
Your wolf spider zombie hits the phantasmal warrior but does no damage.
Your wolf spider zombie misses the phantasmal warrior.
Your vampire hits the phantasmal warrior.
Your vampire bites the phantasmal warrior.
The phantasmal warrior closely misses you.
Okay, then.
Unknown command.
You feel yourself speed up.
The centaur warrior shoots an arrow.
The arrow hits your vampire but does no damage.
Your wolf spider zombie hits the phantasmal warrior!
Your wolf spider zombie bites the phantasmal warrior!
Your vampire hits the phantasmal warrior!
Your vampire bites the phantasmal warrior!
The phantasmal warrior is destroyed!
Yredelemnul accepts your kill.
The centaur warrior shoots an arrow.
The arrow hits your vampire!!
Training target 10.0 for Armour reached!
Your Armour skill increases to level 10!
The centaur warrior shoots an arrow.
The arrow misses your vampire. The arrow hits you!!
You die...
Your body rises from the dead as a mindless zombie.

#.#V###
#.#.#V.#
#.#..V###
#.#.###V.#
.#....V###
#.#.#####..#
#......Z###
#..######Z.#
#.@.#
#|....#V#
#)....#c#
#.#.#...# #
#######


You could see a centaur warrior, a friendly vampire, a friendly wolf spider
zombie and a friendly centaur warrior zombie.

Vanquished Creatures
  Josephine (D:10)
  A centaur warrior (D:11)
  A two-headed ogre (D:11)
  A wolf spider (D:11)
  A cyclops (D:11)
  2 wraiths (D:10)
  3 yaks (D:10)
  A wyvern (D:8)
  A water moccasin (D:6)
  3 orc warriors
  2 centaurs
  An elf zombie (Ossuary)
  3 kobold brigands (Sewer)
  A phantom (D:5)
  A bullfrog (D:10)
  A scorpion (D:5)
  2 killer bees (D:7)
  3 wights (D:8)
  3 centaur zombies
  2 jellies (D:6)
  2 quasits (D:5)
  7 orc priests
  5 hounds
  3 gnoll shamans
  2 centaur skeletons (D:6)
  An orc wizard (D:10)
  A killer bee zombie (D:8)
  2 mummies (Ossuary)
  15 gnolls
  4 adders
  An ufetubus (D:5)
  4 worms
  A dart slug (D:1)
  19 orcs
  9 endoplasms
  4 giant cockroaches
  3 hobgoblins
  14 jackals
  13 kobolds
  3 quokkas
  4 ball pythons
  6 bats
  8 frilled lizards
  4 goblins
  2 goblin zombies (Ossuary)
  13 hobgoblin zombies
  A jackal zombie (Ossuary)
  12 kobold zombies
  8 orc zombies (Ossuary)
  8 rats
  A rat zombie (Ossuary)
214 creatures vanquished.

Vanquished Creatures (collateral kills)
  A tengu warrior (D:8)
  A phantasmal warrior (D:11)
  The ghost of emm the Cleaver, a novice DsGl of Okawaru (D:5)
  A tengu conjurer (D:8)
  A wraith (D:10)
  A yak (D:10)
  An acid dragon (D:11)
  A water moccasin (D:7)
  A black bear (D:6)
  A sky beast (D:6)
  2 ice beasts
  2 centaurs (D:8)
  2 ogres (D:4)
  3 kobold brigands (Sewer)
  2 bullfrogs
  A gnoll sergeant (D:8)
  2 scorpions
  2 wights (D:8)
  4 killer bees (D:7)
  A centaur zombie (D:5)
  2 hounds
  A quasit (D:5)
  Crazy Yiuf (D:7)
  3 orc wizards
  A statue (D:7)
  A mummy (D:8)
  A hound skeleton (D:5)
  10 gnolls
  2 adders
  2 shadow imps
  A worm (D:2)
  11 orcs
  3 endoplasms
  A giant cockroach (Sewer)
  2 goblins (D:4)
  A hobgoblin (D:4)
  A jackal (D:4)
  3 kobolds
  A quokka (D:3)
  A ball python (D:4)
  A frilled lizard (D:3)
  3 rats
84 creatures vanquished.

Vanquished Creatures (others)
  2 wraiths
  2 wights
  2 mummies (D:4)
  A centaur zombie (D:8)
  A wyvern zombie (D:8)
  A water moccasin zombie (D:7)
  A cyclops zombie (D:11)
  An acid dragon zombie (D:11)
  An adder zombie (D:4)
  6 gnoll zombies
  A goblin zombie (D:4)
  A hobgoblin zombie (D:4)
  A jackal zombie (D:3)
  2 killer bee zombies (D:7)
  A kobold zombie (D:4)
  An ogre zombie (D:4)
  10 orc zombies
  4 fungi
  6 plants (Sewer)
45 creatures vanquished.

Grand Total: 343 creatures vanquished

Notes
Turn   | Place    | Note
-------+----------+-------------------------------------------
     0 | D:1      | Loskel the Minotaur Monk began the quest for the Orb.
     0 | D:1      | Reached XP level 1. HP: 19/19 MP: 0/0
   398 | D:1      | Reached XP level 2. HP: 17/27 MP: 1/1
   881 | D:1      | Found a faded altar of an unknown god.
   892 | D:1      | Became a worshipper of Yredelemnul the Dark
   892 | D:1      | Reached * piety under Yredelemnul
   892 | D:1      | Reached ** piety under Yredelemnul
  1110 | D:2      | Reached XP level 3. HP: 33/33 MP: 2/2
  1511 | D:2      | Reached skill level 4 in Unarmed Combat
  1615 | D:2      | Reached *** piety under Yredelemnul
  2066 | D:3      | Received a gift from Yredelemnul (a mummy)
  2163 | D:3      | Reached XP level 4. HP: 41/41 MP: 3/3
  2729 | D:3      | Found an opulent altar of Gozag.
  2899 | D:3      | Reached skill level 1 in Armour
  3006 | D:4      | Noticed a scorpion
  3009 | D:4      | Reached skill level 5 in Fighting
  3011 | D:4      | Killed a scorpion
  3012 | D:4      | Reached XP level 5. HP: 20/48 MP: 1/4
  3026 | D:4      | Received a gift from Yredelemnul (a mummy)
  3027 | D:4      | Noticed an ogre
  3031 | D:4      | Reached skill level 5 in Unarmed Combat
  3035 | D:4      | Killed an ogre
  3076 | D:4      | Reached XP level 6. HP: 29/57 MP: 1/5
  3093 | D:4      | Reached **** piety under Yredelemnul
  3120 | D:4      | Gained mutation: Your mind is acute. (Int +2) [potion of
                  | mutation]
  3120 | D:4      | Gained mutation: You are partially covered in iridescent
                  | scales. (AC +2) [potion of mutation]
  3120 | D:4      | Gained mutation: You have sharp toenails. [potion of
                  | mutation]
  3238 | D:4      | Found a glowing drain.
  3251 | Sewer    | Entered a sewer
  3431 | Sewer    | Received a gift from Yredelemnul (a wraith)
  3432 | Sewer    | Reached skill level 6 in Unarmed Combat
  3436 | Sewer    | Reached XP level 7. HP: 43/64 MP: 6/6
  3615 | Sewer    | Lost mutation: You have sharp toenails. [potion of
                  | mutation]
  3615 | Sewer    | Lost mutation: Your mind is acute. (Int +2) [potion of
                  | mutation]
  3615 | Sewer    | Gained mutation: You are dopey. (Int -2) [potion of
                  | mutation]
  3889 | Sewer    | Lost mutation: You are partially covered in iridescent
                  | scales. (AC +2) [potion of mutation]
  3889 | Sewer    | Lost mutation: You are dopey. (Int -2) [potion of mutation]
  3889 | Sewer    | Gained mutation: Your muscles are strong. (Str +2) [potion
                  | of mutation]
  3889 | Sewer    | Gained mutation: You possess an exceptional clarity of
                  | mind. [potion of mutation]
  4404 | D:4      | Found a glowing golden altar of the Shining One.
  4405 | D:4      | Found an ornate altar of the Wu Jian Council.
  4858 | D:5      | Entered Level 5 of the Dungeon
  4858 | D:5      | Found a transporter.
  4858 | D:5      | Noticed emm's ghost (novice DsGl)
  4916 | D:5      | Reached skill level 7 in Unarmed Combat
  4954 | D:5      | Found a transporter.
  5075 | D:5      | Reached XP level 8. HP: 74/74 MP: 7/7
  5138 | D:5      | Received a gift from Yredelemnul (a wight)
  5540 | D:5      | Killed emm's ghost
  5541 | D:5      | Reached skill level 8 in Unarmed Combat
  5704 | D:6      | Reached skill level 5 in Armour
  5822 | D:6      | Found a bloodstained altar of Trog.
  5909 | D:6      | Received a gift from Yredelemnul (a wight)
  5969 | D:6      | Found a shimmering blue altar of Sif Muna.
  6072 | D:6      | Found a staircase to the Ecumenical Temple.
  6253 | D:6      | Found a sparkling altar of Nemelex Xobeh.
  6492 | Temple   | Entered the Ecumenical Temple
  6670 | D:7      | Reached XP level 9. HP: 82/85 MP: 5/8
  6784 | D:7      | Reached skill level 9 in Unarmed Combat
  6823 | D:7      | Reached skill level 10 in Fighting
  7049 | D:7      | Found a radiant altar of Vehumet.
  7174 | D:7      | Found a runed translucent door.
  7175 | D:7      | Noticed Crazy Yiuf
  7370 | D:7      | Killed Crazy Yiuf
  7490 | D:8      | Found a transporter.
  7491 | D:8      | Found a bloodstained altar of Trog.
  7491 | D:8      | Noticed pokeman's ghost (novice DEWz)
  7498 | D:8      | Found a transporter.
  7504 | D:8      | Noticed a moth of wrath
  7701 | D:8      | Found a sand-covered staircase.
  7708 | Ossuary  | Entered an ossuary
  7716 | Ossuary  | Reached ***** piety under Yredelemnul
  7830 | Ossuary  | Reached skill level 10 in Unarmed Combat
  8805 | D:8      | Received a gift from Yredelemnul (a vampire)
  8842 | D:8      | Found a shimmering altar of Xom.
  8851 | D:8      | Noticed a tengu conjurer
  8852 | D:8      | Noticed a tengu warrior
  8869 | D:8      | Killed a tengu warrior
  8870 | D:8      | Reached skill level 11 in Unarmed Combat
  8870 | D:8      | Reached XP level 10. HP: 45/93 MP: 9/9
  9269 | D:9      | Identified the +0 hat "Usoafu" {Str+6 Dex-2 Slay+5}
  9318 | D:9      | You are sucked into a shaft and drop 1 floor!
  9318 | D:10     | Entered Level 10 of the Dungeon
  9320 | D:10     | Noticed Josephine
  9329 | D:10     | Killed Josephine
  9334 | D:10     | Reached skill level 12 in Unarmed Combat
  9588 | D:10     | Found a hide-covered altar of Uskayaw.
 10367 | D:11     | Received a gift from Yredelemnul (a wraith)
 10434 | D:11     | Found a staircase to the Lair.
 10453 | D:11     | Noticed a two-headed ogre
 10459 | D:11     | Killed a two-headed ogre
 10460 | D:11     | Reached skill level 13 in Unarmed Combat
 10460 | D:11     | Reached skill level 1 in Invocations
 10487 | D:11     | Noticed a cyclops
 10493 | D:11     | Killed a cyclops
 10660 | D:11     | Noticed a centaur warrior
 10669 | D:11     | Killed a centaur warrior
 10670 | D:11     | Reached XP level 11. HP: 67/100 MP: 11/11
 10836 | D:11     | Noticed a wolf spider
 10836 | D:11     | Noticed a centaur warrior
 10839 | D:11     | Killed a wolf spider
 10842 | D:11     | Noticed a phantasmal warrior
 10851 | D:11     | Killed a phantasmal warrior
 10852 | D:11     | Reached skill level 10 in Armour
 10852 | D:11     | Shot with an arrow by a centaur warrior

Illustrated notes

Levels and vault maps discovered:
D:1:      saegor_arrival_simple_c, layout_loops_cross,
          dreamdust_ecumenical_altar_hidden_monk_grotto
D:2:      layout_basic, minmay_bisected
D:3:      layout_basic, mainiacjoe_overflow_alcove_4, kennysheep_generic_room_15
D:4:      layout_cave_pools, gammafunk_temple_overflow_statue,
          portal_sewer_entry_a, minmay_misc_feat_ornament
D:5:      layout_rooms, gammafunk_ghost_stat_death
D:6:      layout_cave_pods, lightli_temple_of_fire,
          nicolae_sif_muna_little_library, lemuel_crystal_altar,
          minmay_temple_entry_junction_2
D:7:      layout_cave_pools, vehumet_statue, uniq_crazy_yiuf_cottage
D:8:      layout_gridville, mainiacjoe_overflow_surrounded_room,
          nicolae_ossuary_entry_giza, gammafunk_ghost_wrathful_warriors
D:9:      layout_irregular_city, bloody_makhleb, zombieorc2_lemuel,
          serial_shops, shop_fountains
D:10:     layout_long_grid, nicolae_uskayaw_dance_hall, uniq_josephine
D:11:     minmay_tearing_corner, layout_basic, minmay_statue_bubble
Temple:   nicolae_temple_no_exploring_needed

Skill      XL: |  1  2  3  4  5  6  7  8  9 10 11 |
---------------+----------------------------------+-----
Fighting       | 4 5 6 8 9 10 | 10.4
Unarmed Combat | 4 5 6 7 8 11 13 | 13.3
Armour         | 1 2 3 5 7 9 10 | 10.0
Dodging        | 4 |  4.0
Invocations    | 2 |  2.3
Stealth        | |  1.5

Action                   |  1- 3 |  4- 6 |  7- 9 | 10-12 || total
-------------------------+-------+-------+-------+-------++-------
Melee: Unarmed           |   115 |    91 |   311 |    73 ||   590
       Headbutt          |    18 |    13 |    65 |    26 ||   122
       Punch             |     4 |     5 |    11 |     7 ||    27
       Mace              |     4 |       |       |       ||     4
       Kick              |       |     7 |     2 |       ||     9
Throw: Dart              |       |       |     4 |       ||     4
Invok: Animate Dead      |     3 |    16 |    24 |    15 ||    58
       Animate Remains   |     1 |       |       |       ||     1
       Injury Mirror     |       |       |     1 |       ||     1
       Recall Undead Sla |       |       |     1 |     1 ||     2
       Drain Life        |       |       |       |     1 ||     1
Evoke: Wand              |       |     4 |       |       ||     4
  Use: Potion            |       |     6 |    13 |     2 ||    21
       Scroll            |       |    10 |     4 |     2 ||    16
 Stab: Sleeping          |     6 |       |       |       ||     6
       Distracted        |       |     1 |     1 |     1 ||     3
Armor: Robe              |    10 |       |     1 |       ||    11
       Leather armour    |     9 |       |       |       ||     9
       Scale mail        |    12 |    39 |    10 |       ||    61
       Chain mail        |       |       |   165 |    50 ||   215
       Acid dragon scale |       |       |       |    10 ||    10
Dodge: Dodged            |    60 |    58 |   154 |    41 ||   313

Table legend: (Time is in decaauts)
 A = Elapsed time spent in this place.
 B = Non-inter-level travel time spent in this place.
 C = Inter-level travel time spent in this place.
 D = Time resting spent in this place.
 E = Time spent auto-exploring this place.
 F = Levels seen in this place.
 G = Mean time per level.
                   A        B        C        D        E       F      G
               +--------+--------+--------+--------+--------+-----+--------+
         Total |  10780 |  10376 |    404 |   1027 |   7280 |  14 |  770.0 |
       Dungeon |   9766 |   9362 |    404 |    869 |   6803 |  11 |  887.8 |
        Temple |      1 |      1 |      0 |      0 |      0 |   1 |    1.0 |
         Sewer |    793 |    793 |      0 |    158 |    413 |   1 |  793.0 |
       Ossuary |    218 |    218 |      0 |      0 |     63 |   1 |  218.0 |
               +--------+--------+--------+--------+--------+-----+--------+

Top non-repeatable levels by time:
     D:8: 1562 daAuts
     D:3: 1142 daAuts
     D:4: 1063 daAuts
     D:1: 997 daAuts
    D:10: 988 daAuts
     D:7: 946 daAuts
     D:2: 851 daAuts
     D:6: 818 daAuts
     D:5: 810 daAuts
   Sewer: 793 daAuts
    D:11: 533 daAuts
 Ossuary: 218 daAuts
     D:9: 51 daAuts
  Temple: 1 daAuts
